 Dungeon Crawl Stone Soup version 0.26-a0-1164-g1a551d6a14 (webtiles) character file.

Game seed: 16453427188872440303

20 sokol815 the Sneak (level 2, -4/21 HPs)
             Began as an Octopode Delver on Dec 23, 2020.
             Slain by a gnoll
             ... wielding a +0 spear
              (12 damage)
             ... on level 4 of the Dungeon.
             The game lasted 00:00:51 (53 turns).

sokol815 the Sneak (Octopode Delver)                  Turns: 53, Time: 00:00:51

Health: -4/21      AC:  1    Str: 11    XL:     2   Next: 79%
Magic:  2/2        EV: 13    Int: 12    God:
Gold:   0          SH:  4    Dex: 13    Spells: 1/1 levels left

rFire    . . .     SeeInvis .   a - +0 falchion
rCold    . . .     Faith    .   i - +0 buckler
rNeg     . . .     Spirit   .   (helmet restricted)
rPois    .         Reflect  .   (no amulet)
rElec    .         Harm     .   (no ring)
rCorr    .         Rampage  .   (no ring)
Will     .....                  (no ring)
Stlth    ++++......             (no ring)
HPRegen  0.07/turn              (no ring)
MPRegen  0.08/turn              (no ring)
                                (no ring)
                                (no ring)

@: hasted, very quick
A: almost no armour, stealthy swim, amphibious, 8 rings, constrict 8, camouflage
1, gelatinous body 1
a: no special abilities


You were on level 4 of the Dungeon.
You visited 1 branch of the dungeon, and saw 2 of its levels.

Inventory:

Hand Weapons
 a - a +0 falchion (weapon)
Missiles
 g - 13 stones (quivered)
 h - 27 arrows
Armour
 i - a +0 buckler (worn)
   (You found it on level 5 of the Dungeon)
Wands
 f - a wand of digging (3)
Scrolls
 b - a scroll of fog
 d - a scroll of fear


   Skills:
 - Level 3.0 Fighting
 + Level 2.3 Long Blades
 + Level 2.3 Dodging
 - Level 6.6 Stealth
 * Level 1.5 Shields


You had one spell level left.
You didn't know any spells.
Your spell library was empty.

Dungeon Overview and Level Annotations

Branches:
Dungeon (5/15)             Temple (0/1) D:4

Altars:


Innate Abilities, Weirdness & Mutations

You cannot wear most types of armour.
You are very stealthy in the water. (Stealth+)
You are amphibious.
You can wear up to eight rings at the same time.
You can use your tentacles to constrict eight enemies at once.
Your skin changes colour to match your surroundings (Stealth+).
Your rubbery body absorbs attacks. (AC +1, EV +1)


Message History

Options error: Bad channel -- rotten_meat (HDAMessageColors.rc:46) Welcome, sokol815 the Octopode Delver.
Will you prevail where others failed? Will you find the Orb of Zot?
Found 13 stones.
Found a stone staircase leading down.
Found a stone staircase leading up.
You see here 13 stones.
g - 13 stones You see here 27 arrows.
h - 27 arrows You see here a buckler.
i - a buckler You start putting on your armour.
You continue putting on your buckler. x4
You finish putting on your +0 buckler.
Found 12 gold pieces.
Found a stone staircase leading down.
There is a stone staircase leading up here.
You climb upwards.
You hear the sound of rushing water.
There is an entrance to a sewer on this level.
Hurry and find it before the portal rusts away!
There is a stone staircase leading down here.
Really read
c - a scroll of magic mapping {!r}?
As you read the scroll of magic mapping {!r}, it crumbles to dust.
You feel aware of your surroundings.
You sensed 2 altars, and 2 shops/portals. 2 gnolls come into view.
A gnoll comes into view.
A gnoll comes into view.
You feel yourself speed up.
The gnoll shouts!
The gnoll shouts!
You hit the gnoll. You grab the gnoll.
You constrict the gnoll, but do no damage.
You hit the gnoll.
You constrict the gnoll, but do no damage.
The gnoll misses you.
You riposte.
You hit the gnoll.
You squeeze the gnoll, but do no damage.
You hit the gnoll but do no damage. You constrict the gnoll.
The gnoll barely misses you.
You riposte.
You hit the gnoll.
You squeeze the gnoll, but do no damage.
The gnoll misses you.
You barely miss the gnoll. You constrict the gnoll.
You kill the gnoll!
Your Shields skill increases to level 1!
You have reached level 2!
Health restored: 21; MP restored: 2 You hit the gnoll.
You grab the gnoll.
You constrict the gnoll, but do no damage.
The gnoll barely misses you. The gnoll hits you!
You take 7 damage, and have 14/21 hp.
MASSIVE DAMAGE!!
You hit the gnoll. You constrict the gnoll.
The gnoll hits you from afar with a +0 spear.
The gnoll closely misses you.
You take 6 damage, and have 8/21 hp.
MASSIVE DAMAGE!!
You aren't carrying any potions.
You hit the gnoll.
You constrict the gnoll, but do no damage.
The gnoll barely misses you.
You completely miss the gnoll. You constrict the gnoll.
You kill the gnoll!
You block the gnoll's attack.
You closely miss the gnoll. You grab the gnoll. You constrict the gnoll.
The gnoll struggles to escape constriction.
You hit the gnoll. You squeeze the gnoll!
You kill the gnoll!
The gnoll hits you from afar with a +0 spear!
Ouch! That really hurt!
You die...

,,,,,,,* *,,,,,,,,,,,,,, ,,,,,,,*
*,,,,,,,,,,,,,, ,,,,,,,*
*,,,,,,,,,,,,,,
,,,,,,,********####,,,,,,,,,,,,,,
*******,,,,,,,,#>.##,,,,,***+**+*
*,,,,,*,,,,,,,,#...#,,,,,*,,,,+,,
*,,,,,*,,,,,,,,#...#,,,,,*,,,,*,,
*,,,,,*,,,,,,,,#...#,,,,,*,,,,*,,
*,,,,,+,,,,,,,,#@..#,,,,,*,,,,*,,
*,,,***,,,,,,,,#†###,,,,,*,,***,,
*************+*#g#,,,,,***,,***,,
*,,,+,,,,,,,,,,..#,,,,,*,,,,,*,,,
*,,,*,,,,,,,,,...#,,,,,*,,,,,*,,,
*,,,*,,,,,,,*.....,,,,,*,,,,,*,,,
+,,,*,,,,,,*##.#..,,,,,*,,,,,*,,,
*,,,**,**,,**#..##,,,,,**,,,***,,
******,**+,,*#..,**,***********,,


You could see a gnoll.

Vanquished Creatures
  3 gnolls (D:4)
3 creatures vanquished.

Notes
Turn   | Place    | Note
-------+----------+-------------------------------------------
     0 | D:5      | sokol815 the Octopode Delver began the quest for the Orb.
     0 | D:5      | Reached XP level 1. HP: 16/16 MP: 1/1
    47 | D:4      | Reached skill level 1 in Shields
    47 | D:4      | Reached XP level 2. HP: 21/21 MP: 2/2
    53 | D:4      | Slain by a gnoll

Illustrated notes

Levels and vault maps discovered:
D:4:      layout_gridville, vehumet_altar_wand_db, makhleb_blood_cavern_becter,
          minmay_temple_entry_wispy, lightli_sewer_entry_pipes,
          corexii_corridor_pit
D:5:      layout_layer_cave, general_overflow_altar, serial_shops,
          nicolae_shop_waterfront

Skill      XL: |  1 |
---------------+----+-----
Shields        | 1 |  1.5
Fighting       | |  3.0
Long Blades    | |  2.3
Dodging        | |  2.3
Stealth        | |  6.6

Action                   || total
-------------------------++-------
Melee: Falchion          ||    10
       Tentacles         ||     3
       Constrict         ||     3
  Use: Scroll            ||     1
       Potion            ||     1
Dodge: Dodged            ||     6
Block: Buckler           ||     1
       Rpst.: Falchion   ||     2

Table legend: (Time is in decaauts)
 A = Elapsed time spent in this place.
 B = Non-inter-level travel time spent in this place.
 C = Inter-level travel time spent in this place.
 D = Time resting spent in this place.
 E = Time spent auto-exploring this place.
 F = Levels seen in this place.
 G = Mean time per level.
                   A        B        C        D        E       F      G
               +--------+--------+--------+--------+--------+-----+--------+
         Total |     49 |     49 |      0 |      0 |      9 |   2 |   24.5 |
       Dungeon |     49 |     49 |      0 |      0 |      9 |   2 |   24.5 |
               +--------+--------+--------+--------+--------+-----+--------+

Top non-repeatable levels by time:
     D:5: 35 daAuts
     D:4: 14 daAuts

Table legend:
 A = Kills in this place as a percentage of kills in entire the game.
 B = Kills by you in this place as a percentage of kills by you in the entire game.
 C = Kills by friends in this place as a percentage of kills by friends in the entire game.
 D = Other kills in this place as a percentage of other kills in the entire game.
 E = Experience gained in this place as a percentage of experience gained in the entire game.
 F = Experience gained in this place divided by the number of levels of this place that you have seen.
                   A       B       C       D       E      F
               +-------+-------+-------+-------+-------+----------------------
         Total | 100.0 | 100.0 |   N/A |   N/A | 100.0 |  21.5
       Dungeon | 100.0 | 100.0 |   N/A |   N/A | 100.0 |  21.5
               +-------+-------+-------+-------+-------+----------------------
